 Dungeon Crawl Stone Soup version 0.32-a0-893-gf85d74f360 (webtiles) character file.

Game seed: 557848303330172489

58 pokedragonboy the Chopper (level 3, 0/20 (30) HPs)
             Began as a Mountain Dwarf Reaver on Apr 3, 2024.
             Slain by a ribbon worm (6 damage)
             ... on level 2 of the Dungeon.
             The game lasted 00:03:36 (1484 turns).

pokedragonboy the Chopper (Mountain Dwarf Reaver)   Turns: 1484, Time: 00:03:36

HP:   0/20 (30)     AC:  6    Str: 16    XL:     3   Next: 76%
MP:   5/6           EV:  8    Int: 13    God:
Gold: 114           SH:  0    Dex:  8    Spells: 5/6 levels left

rFire   . . .        a - +0 hand axe
rCold   . . .        (no shield)
rNeg    . . .        j - +0 scale mail
rPois   .            (no helmet)
rElec   .            (no cloak)
rCorr   .            (no gloves)
SInv    .            (no boots)
Will    .....        (no amulet) Stlth
                     (no ring)
HPRegen 0.23/turn    (no ring)
MPRegen 0.10/turn

%: no passive effects
@: very heavily drained
A: runic magic, artefact enchanting
a: no special abilities


You were on level 2 of the Dungeon.
You visited 1 branch of the dungeon, and saw 2 of its levels.

You collected 114 gold pieces.

Inventory:

Hand Weapons
 a - a +0 hand axe (weapon)
Armour
 b - a +0 leather armour
 j - a +0 scale mail (worn)
Scrolls
 d - a scroll of noise {unknown}
 f - a scroll of fear
 g - 2 scrolls of enchant armour
 h - a scroll of silence
 i - 2 scrolls of identify
 k - a scroll of fog {unknown}
Potions
 c - a potion of heal wounds {unknown}
 e - a potion of cancellation {unknown}
 l - a potion of lignification {unknown}


   Skills:
 + Level 2.8 Fighting
 + Level 4.1 Axes
 + Level 1.2 Armour
 - Level 1.5 Dodging
 + Level 2.2 Spellcasting
 + Level 3.1 Conjurations


You had 5 spell levels left.
You knew the following spells:

 Your Spells              Type           Power      Damage    Failure   Level
a - Kiss of Death         Conj/Necr      20%        2d7       19%         1

Your spell library contained the following spells:

 Spells                   Type           Power      Damage    Failure   Level
 Momentum Strike          Conj/Tloc      10%        3d8       26%         2
 Hailstorm                Conj/Ice       5%         3d5       47%         3
 Frozen Ramparts          Ice            2%         1d1       71%         3
 Ozocubu's Armour         Ice            1%         N/A       71%         3
 Metabolic Englaciation   Hex/Ice        0%         N/A       100%        5


Dungeon Overview and Level Annotations

Branches:
Dungeon (2/15)

Altars:


Innate Abilities, Weirdness & Mutations

Your spellcasting is much less encumbered by armour.
You can use scrolls of enchantment on lesser artefacts.


Message History

The ribbon worm bites you.
You barely miss the ribbon worm.
The ribbon worm is severely wounded.
The ribbon worm bites you.
You barely miss the ribbon worm.
The ribbon worm is severely wounded.
The ribbon worm bites you but does no damage.
You hit the ribbon worm but do no damage.
The ribbon worm is heavily wounded.
The ribbon worm bites you.
You hit the ribbon worm but do no damage.
The ribbon worm is heavily wounded.
The ribbon worm closely misses you.
You hit the ribbon worm but do no damage.
The ribbon worm is heavily wounded.
The ribbon worm bites you.
* * * LOW HITPOINT WARNING * * *
Hit: a) +0 hand axe
Press: ? - help, Dir - move target, f - ribbon worm
Aim: a ribbon worm (moderately wounded, about 22% to evade your +0 hand axe)
Okay, then.
Aiming: Kiss of Death (safe; 19% risk of failure)
Press: ? - help, Q - select action Shift-Dir - straight line, f - ribbon worm
Aim: a ribbon worm (moderately wounded, 100% to hit)
The fragment of death hits the ribbon worm!
The ribbon worm is drained!
The ribbon worm is almost dead.
You feel drained.
The ribbon worm bites you but does no damage.
You barely miss the ribbon worm.
The ribbon worm is almost dead.
You hit the ribbon worm.
The ribbon worm is almost dead.
The ribbon worm expels a string of sticky webbing.
The stream of webbing hits you but does no damage.
You are caught in a web!
You struggle to detach yourself from the web.
The ribbon worm barely misses you.
The web tears apart.
The ribbon worm bites you.
You die...

.#....................
.......................
.....(......#.........#.
.......#........#####....
.....!.#..#......# #....
......?.....#..#...
...###....##..####..
##...#.........
#...@w...... ##..........
...#.#.......
###...........
#####....... .......
....... .......


You could see a ribbon worm (drained).

Vanquished Creatures
  2 adders (D:2)
  4 endoplasms (D:1)
  4 goblins (D:1)
  3 hobgoblins (D:1)
  4 jackals (D:1)
  A quokka (D:1)
  4 ball pythons
  2 bats (D:1)
  A frilled lizard (D:1)
  5 kobolds
  8 rats
38 creatures vanquished.

Notes
Turn   | Place    | Note
-------+----------+-------------------------------------------
     0 | D:1      | pokedragonboy the Mountain Dwarf Reaver began the quest for
                  | the Orb.
     0 | D:1      | Reached XP level 1. HP: 17/17 MP: 3/3
   105 | D:1      | Reached XP level 2. HP: 15/25 MP: 4/4
   843 | D:1      | Reached XP level 3. HP: 14/21 MP: 6/6
  1197 | D:2      | Reached skill level 4 in Axes
  1415 | D:2      | Reached skill level 1 in Armour
  1484 | D:2      | Slain by a ribbon worm

Illustrated notes

Levels and vault maps discovered:
D:1:      sevenhm_arrival_forest_fort_large_2, layout_basic, minmay_tetromino_o2
D:2:      layout_rooms, uniq_terence

Skill      XL: |  1  2  3 |
---------------+----------+-----
Spellcasting   | 2 |  2.2
Conjurations   | 3 |  3.1
Axes           | 4 |  4.1
Armour         | 1 |  1.2
Fighting       | |  2.8
Dodging        | |  1.5

Action                     || total
---------------------------++-------
  Melee: Hand axe          ||   121
   Cast: Kiss of Death     ||     4
    Use: Scroll            ||     4
 Armour: Leather armour    ||    32
         Scale mail        ||    56
  Dodge: Dodged            ||    62

Table legend: (Time is in decaauts)
 A = Elapsed time spent in this place.
 B = Non-inter-level travel time spent in this place.
 C = Inter-level travel time spent in this place.
 D = Time resting spent in this place.
 E = Time spent auto-exploring this place.
 F = Levels seen in this place.
 G = Mean time per level.
                   A        B        C        D        E       F      G
               +--------+--------+--------+--------+--------+-----+--------+
         Total |   1497 |   1431 |     66 |    225 |    919 |   2 |  748.5 |
       Dungeon |   1497 |   1431 |     66 |    225 |    919 |   2 |  748.5 |
               +--------+--------+--------+--------+--------+-----+--------+

Top non-repeatable levels by time:
     D:1: 1379 daAuts
     D:2: 117 daAuts
